 Dungeon Crawl Stone Soup version 0.29.0-11-gd7f09526c8 (webtiles) character file.

Game seed: 15828534999469307223

7700 Lochraine the Schismatic (level 11, -1/99 HPs)
             Began as a Hill Orc Fighter on Sept 5, 2022.
             Was an Elder of Lugonu.
             Slain by a blink frog (10 damage)
             ... on level 1 of the Lair of Beasts.
             The game lasted 00:42:11 (11431 turns).

Lochraine the Schismatic (Hill Orc Fighter)        Turns: 11431, Time: 00:42:12

Health: -1/99      AC: 19    Str: 32    XL:     11   Next: 19%
Magic:  28/28      EV:  8    Int:  8    God:    Lugonu [****..]
Gold:   394        SH:  5    Dex:  7    Spells: 10/10 levels left

rFire   + . .      SeeInvis .   h - +3 lajatang (elec)
rCold   . . .      Faith    .   (shield currently unavailable)
rNeg    . . .      Spirit   .   P - +0 plate armour
rPois   +          Reflect  +   (no helmet)
rElec   .          Harm     .   (no cloak)
rCorr   .          Rampage  .   s - +3 pair of gloves "Quyl Xoche" {rPois MP+9 Str+4 Dex-3}
Will    +....                   l - +1 pair of boots
Stlth   ..........              t - amulet "Sorulaor" {Reflect rPois rF+ Str+4 SH+5}
HPRegen 0.26/turn               T - ring of willpower
MPRegen 0.21/turn               G - ring of poison resistance

@: about to teleport
A: no striking features
a: Renounce Religion, Depart the Abyss, Bend Space, Banish, Corrupt


You were on level 1 of the Lair of Beasts.
You worshipped Lugonu.
Lugonu was greatly pleased with you.
You visited 2 branches of the dungeon, and saw 10 of its levels.
You also visited: Gauntlet.

You collected 394 gold pieces.

Inventory:

Hand Weapons
 h - a +3 lajatang of electrocution (weapon)
   (You acquired it on level 8 of the Dungeon)
 C - a +1 whip of electrocution
   (You took it off a gnoll bouda on level 6 of the Dungeon)
Missiles
 M - a throwing net (quivered) {!f}
Armour
 c - a +0 buckler
 d - the +0 pair of gloves of the Hippo {Fly Will- rCorr}
   (You found it in a Gauntlet)

   Fly:       It grants you flight.
   rCorr:     It protects you from acid and corrosion.
   Will:      It decreases your willpower.
 f - the +2 pair of gloves of Ulluat {rElec}
   (You found it in a Gauntlet)

   rElec:     It insulates you from electricity.
 l - a +1 pair of boots (worn)
   (You found it on level 1 of the Dungeon)
 s - the +3 pair of gloves "Quyl Xoche" (worn) {rPois MP+9 Str+4 Dex-3}
   (You found it on level 2 of the Dungeon)

   Str:       It affects your strength (+4).
   Dex:       It affects your dexterity (-3).
   rPois:     It protects you from poison.
   MP:        It affects your magic capacity (+9).
 u - a +0 plate armour
   (You found it in a Gauntlet)
 I - a +1 robe of willpower
   (You took it off a wizard in a Gauntlet)
 P - a +0 plate armour (worn)
   (You found it on level 4 of the Dungeon)
 R - a +1 leather armour of cold resistance
   (You took it off an orc on level 4 of the Dungeon)
Magical Staves
 m - a staff of cold
   (You found it on level 1 of the Dungeon)
Jewellery
 b - an amulet of guardian spirit
   (You found it in a Gauntlet)
 i - a ring of protection from fire
   (You found it on level 3 of the Dungeon)
 k - a ring of magical power
   (You found it on level 1 of the Dungeon)
 o - a ring of positive energy
   (You found it on level 6 of the Dungeon)
 t - the amulet "Sorulaor" (around neck) {Reflect rPois rF+ Str+4 SH+5}
   (You acquired it on level 8 of the Dungeon)

   [amulet of reflection]

   It reflects blocked missile attacks.
   Str:       It affects your strength (+4).
   rF:        It protects you from fire.
   rPois:     It protects you from poison.
   SH:        It affects your SH (+5).
 B - an amulet of the acrobat
   (You found it on level 3 of the Dungeon)
 G - a ring of poison resistance (right hand)
   (You found it on level 3 of the Dungeon)
 T - a ring of willpower (left hand)
   (You found it on level 4 of the Dungeon)
Wands
 z - a wand of charming (22)
   (You found it on level 3 of the Dungeon)
Scrolls
 g - a scroll of fog {unknown}
 p - a scroll of fear
 v - a scroll of silence {unknown}
 A - 2 scrolls of teleportation {@r4}
 H - a scroll of brand weapon {unknown}
 L - 3 scrolls of amnesia
 O - 3 scrolls of noise {!r}
 X - a scroll of magic mapping
Potions
 a - a potion of brilliance {unknown}
 e - a potion of degeneration {!q}
 j - 2 potions of magic
 n - 3 potions of lignification {!q}
 q - a potion of attraction {!q}
 r - a potion of berserk rage
 x - a potion of cancellation
 D - a potion of flight
 Z - 3 potions of heal wounds {@q2}


   Skills:
 + Level 9.9 Fighting
 - Level 9.5(9.7) Axes
 - Level 2.3(8.1) Maces & Flails
 * Level 7.7(7.8) Staves
 - Level 6.0 Armour
 - Level 3.2 Shields
 + Level 11.7 Invocations


You had 10 spell levels left.
You didn't know any spells.
Your spell library was empty.

Dungeon Overview and Level Annotations

Branches:
Dungeon (9/15) Zot: 25108  Temple (0/1) D:5            Lair (1/5) D:8 Zot: 5871
Gauntlet (visited)
    Orc: D:9-12

Altars:
Ashenzari
Dithmenos
Fedhas
Hepliaklqana
Kikubaaqudgha
Makhleb
Nemelex Xobeh
Okawaru
Ru
Trog
Uskayaw
Wu Jian
Zin
Lugonu

Annotations:
D:5 2 transporters, heinrich's ghost, novice TrFi
Abyss:1 Menkaure


Message History

A blink frog comes into view.
The blink frog blinks! x2
The blink frog blinks!
Okay, then.
Unknown command.
The blink frog blinks!
Okay, then.
The blink frog blinks!
Okay, then.
Okay, then.
Unknown command.
Okay, then.
Unknown command.
You slash the blink frog!
A blink frog comes into view.
The blink frog hits you.
* * * LOW HITPOINT WARNING * * *
The blink frog blinks!
The blink frog hits you but does no damage.
Unknown command.
The blink frog croaks.
You slash the blink frog!
Lightning courses through the blink frog!
The blink frog blinks! x2
You closely miss the blink frog.
The blink frog croaks.
The blink frog hits you but does no damage.
The blink frog blinks! x2
The blink frog blinks!
The blink frog hits you but does no damage.
You hit the blink frog.
The blink frog blinks! x2
The blink frog hits you but does no damage.
You closely miss the blink frog. You barely miss the blink frog.
The blink frog hits you.
* * * LOW HITPOINT WARNING * * *
The blink frog blinks! x2; The blink frog hits you!
* * * LOW HITPOINT WARNING * * *
Unknown command.
As you read the scroll of teleportation {@r4}, it crumbles to dust.
You feel strangely unstable.
The blink frog blinks!
The blink frog hits you.
* * * LOW HITPOINT WARNING * * *
The blink frog completely misses you.
The blink frog hits you but does no damage. x2
The blink frog hits you.
* * * LOW HITPOINT WARNING * * *
Unknown command.
You slash the blink frog!
The blink frog blinks!
The blink frog hits you!
* * * LOW HITPOINT WARNING * * *
The blink frog hits you!
You die...

*****#†......#.#**,*
#..........,,,**
#..........,,,,*
##..........,,,**
#P..........,,,,*
##..........,,,**
###..F.......,,,*
#.§.FF######,,,,** #∩...F@#
*,,,,,* ## #....F## *,,,,**
.# #.....#### *,,,,* #*
###......# *,,,,* #
#......##**,,,,* ####
##.....# *,,,,,*
#..#########P.....##**,,,,**
.....................,,,,,,*
................>....,,,,,,*


You could see 5 blink frogs.

Vanquished Creatures
  An orange crystal statue (Gauntlet)
  A wizard (Gauntlet)
  2 elephants
  Joseph (D:7)
  A komodo dragon (D:8)
  A blink frog (Lair:1)
  2 slime creatures (Gauntlet)
  Eustachio (D:6)
  3 wargs (D:8)
  An orc warrior (D:8)
  A black bear (D:7)
  An ice beast (D:8)
  A sky beast (D:8)
  3 wolves (Lair:1)
  3 kobold brigands
  3 bullfrogs (D:8)
  A gnoll sergeant (D:7)
  4 killer bees (D:8)
  3 howler monkeys (D:8)
  5 jellies
  5 orc priests
  4 hounds
  3 gnoll boudas
  5 iguanas
  10 orc wizards
  5 adders
  23 gnolls
  2 shadow imps
  7 white imps
  An ufetubus (D:4)
  5 worms
  2 dart slugs
  28 orcs
  5 endoplasms
  2 giant cockroaches
  9 hobgoblins
  A jackal (D:3)
  19 kobolds
  5 quokkas
  8 ball pythons
  9 bats
  3 frilled lizards
  8 goblins
  4 hobgoblin zombies (D:4)
  7 rats
219 creatures vanquished.

Vanquished Creatures (collateral kills)
  An ogre (D:5)
1 creature vanquished.

Vanquished Creatures (others)
  A scorpion (D:5)
  A killer bee (D:8)
  30 plants
  A withered plant (D:7)
33 creatures vanquished.

Grand Total: 253 creatures vanquished

Notes
Turn   | Place    | Note
-------+----------+-------------------------------------------
     0 | D:1      | Lochraine the Hill Orc Fighter began the quest for the Orb.
     0 | D:1      | Reached XP level 1. HP: 19/19 MP: 1/1
   174 | D:1      | Found a faded altar of an unknown god.
   177 | D:1      | Reached XP level 2. HP: 25/26 MP: 2/2
   204 | D:1      | Prayed at the altar of an unknown god.
   204 | D:1      | Became a worshipper of Lugonu the Unformed
   204 | D:1      | Reached * piety under Lugonu
   204 | D:1      | Reached ** piety under Lugonu
   830 | D:2      | Reached XP level 3. HP: 31/31 MP: 3/3
   972 | D:2      | Reached skill level 1 in Invocations
  1053 | D:2      | Reached skill level 5 in Axes
  1070 | D:2      | Reached XP level 4. HP: 39/39 MP: 5/5
  1086 | D:2      | Identified the +3 pair of gloves "Quyl Xoche" {rPois MP+9
                  | Str+4 Dex-3}
  1185 | D:2      | Reached skill level 2 in Invocations
  1257 | D:2      | Found an ancient bone altar of Kikubaaqudgha.
  1977 | D:3      | Reached *** piety under Lugonu
  2083 | D:3      | Reached skill level 3 in Invocations
  2083 | D:3      | Reached XP level 5. HP: 18/45 MP: 7/7
  2399 | D:3      | Found a sacrificial altar of Ru.
  2433 | D:3      | Reached skill level 4 in Invocations
  2530 | D:3      | Found a hazy altar of Hepliaklqana.
  2612 | D:3      | Noticed a moth of wrath
  2614 | D:3      | Found a bloodstained altar of Trog.
  2734 | D:3      | Reached XP level 6. HP: 49/51 MP: 9/9
  3118 | D:4      | Noticed Menkaure
  3121 | D:4      | Banished Menkaure
  3122 | D:4      | Reached skill level 5 in Invocations
  3177 | D:4      | Found a glowing silver altar of Zin.
  3183 | D:4      | Found a sparkling altar of Nemelex Xobeh.
  3198 | D:4      | Found a broken altar of Ashenzari.
  3198 | D:4      | Found a blossoming altar of Fedhas.
  3205 | D:4      | Found a hide-covered altar of Uskayaw.
  3303 | D:4      | Reached XP level 7. HP: 41/57 MP: 11/11
  3494 | D:4      | Found an iron altar of Okawaru.
  3599 | D:4      | Reached skill level 6 in Invocations
  3872 | D:4      | Found an ornate altar of the Wu Jian Council.
  3992 | D:4      | You fall into a shaft and drop 2 floors!
  4005 | D:6      | Noticed Eustachio
  4026 | D:6      | Reached **** piety under Lugonu
  4053 | D:6      | Killed Eustachio
  4079 | D:6      | Reached XP level 8. HP: 14/67 MP: 13/13
  4125 | D:6      | Reached skill level 7 in Invocations
  4241 | D:5      | Entered Level 5 of the Dungeon
  4643 | D:5      | Found a staircase to the Ecumenical Temple.
  4784 | D:5      | Found a transporter.
  4789 | D:5      | Noticed heinrich's ghost (novice TrFi)
  4806 | D:5      | Reached skill level 5 in Fighting
  5131 | D:5      | Found a transporter.
  5453 | D:5      | Found a burning altar of Makhleb.
  6220 | D:6      | Reached skill level 5 in Armour
  6709 | D:7      | Reached skill level 8 in Invocations
  7155 | D:7      | Found an ancient bone altar of Kikubaaqudgha.
  7264 | D:7      | Reached XP level 9. HP: 75/75 MP: 15/15
  7283 | D:7      | Found a shadowy altar of Dithmenos.
  7283 | D:7      | Noticed Joseph
  7305 | D:7      | Killed Joseph
  7721 | D:8      | Identified 2 scrolls of acquirement
  7721 | D:8      | Acquired a +1 lajatang of electrocution
  7978 | D:8      | Reached skill level 1 in Staves
  7980 | D:8      | Reached skill level 9 in Invocations
  7987 | D:8      | Acquired the amulet "Sorulaor" {Reflect rPois rF+ Str+4
                  | SH+5}
  8015 | D:8      | HP: 3/79 [orc wizard/magic dart (6)]
  9147 | D:8      | Noticed a komodo dragon
  9154 | D:8      | Killed a komodo dragon
  9242 | D:8      | Noticed a centaur warrior
  9244 | D:8      | Banished a centaur warrior
  9245 | D:8      | Reached skill level 10 in Invocations
  9245 | D:8      | Reached XP level 10. HP: 61/88 MP: 17/17
  9594 | D:8      | Reached skill level 5 in Staves
  9627 | D:8      | Found a staircase to the Lair.
 10274 | Lair:1   | Entered Level 1 of the Lair of Beasts
 10288 | Lair:1   | Noticed an elephant
 10294 | Lair:1   | Noticed an elephant
 10314 | D:8      | Killed an elephant
 10418 | Lair:1   | Killed an elephant
 10464 | Lair:1   | Found a gate leading to a gauntlet.
 10471 | Gauntlet | Entered a Gauntlet
 10471 | Gauntlet | Found a transporter.
 10474 | Gauntlet | Noticed a wizard
 10489 | Gauntlet | Found a transporter.
 10489 | Gauntlet | Found a transporter.
 10499 | Gauntlet | Found a transporter.
 10502 | Gauntlet | Found a transporter.
 10506 | Gauntlet | Found a runed translucent door.
 10507 | Gauntlet | Found a runed translucent door.
 10509 | Gauntlet | Noticed a blizzard demon
 10510 | Gauntlet | Found a transporter.
 10528 | Gauntlet | Found a transporter.
 10528 | Gauntlet | Noticed an orange crystal statue
 10539 | Gauntlet | Found a transporter.
 10543 | Gauntlet | Noticed a six-headed hydra
 10547 | Gauntlet | Noticed a torpor snail
 10550 | Gauntlet | Found a transporter.
 10551 | Gauntlet | Found a runed translucent door.
 10551 | Gauntlet | Found a runed translucent door.
 10552 | Gauntlet | Noticed a moth of wrath
 10564 | Gauntlet | Found a transporter.
 10564 | Gauntlet | Found a transporter.
 10566 | Gauntlet | Found a transporter.
 10582 | Gauntlet | Found a transporter.
 10604 | Gauntlet | Found a transporter.
 10687 | Gauntlet | Killed a wizard
 10688 | Gauntlet | Reached skill level 11 in Invocations
 11190 | Gauntlet | Killed an orange crystal statue
 11191 | Gauntlet | Reached XP level 11. HP: 89/97 MP: 19/19
 11193 | Gauntlet | Identified the +0 pair of gloves of the Hippo {Fly Will-
                  | rCorr}
 11227 | Gauntlet | Noticed a minotaur
 11228 | Gauntlet | Banished a minotaur
 11313 | Gauntlet | Identified the +2 pair of gloves of Ulluat {rElec}
 11431 | Lair:1   | Slain by a blink frog

Illustrated notes

Levels and vault maps discovered:
D:1:      zelgadis_glass_arrival_small, layout_rooms,
          dreamdust_ecumenical_altar_statues
D:2:      layout_basic, basic_altar, mrwooster_statue_mirror
D:3:      minmay_spotlight, layout_rooms, nicolae_hepliaklqana_hippocampus,
          mainiacjoe_overflow_alcove_4, tgw_trog
D:4:      layout_basic, okawaru_ov_weapons_minmay,
          nicolae_wu_jian_immortal_techniques,
          nicolae_overflow_hallway_of_the_gods, st_stairs_6,
          minmay_mini_ossuary, uniq_menkaure
D:5:      layout_layer_cave, makhleb_blood_cavern_becter,
          minmay_temple_entry_statues_fountains, gammafunk_ghost_mausoleum
D:6:      layout_basic, uniq_eustachio
D:7:      layout_loops_ring, kiku_gazebo_garden_becter, lemuel_doored_altar,
          enter_bailey_4, uniq_joseph
D:8:      minmay_opposing_rooms, layout_basic, erik_lair_orcish_takeover
D:9:      layout_long_grid, hiddenorc2_lemuel
Lair:1:   minmay_lair_oklob_tunnel, layout_cellular_growth,
          gauntlet_entry_generic, patterned_corridor

Skill      XL: |  1  2  3  4  5  6  7  8  9 10 |
---------------+-------------------------------+-----
Axes           | 3 4 5 6 7 8 9 |  9.5
Invocations    | 1 3 4 5 6 8 10 11 | 11.7
Fighting       | 4 6 8 9 |  9.9
Armour         | 4 5 6 |  6.0
Maces & Flails | 2 |  2.3
Staves         | 4 7 |  7.7
Shields        | |  3.2

Action                   |  1- 3 |  4- 6 |  7- 9 | 10-12 || total
-------------------------+-------+-------+-------+-------++-------
Melee: War axe           |    78 |   164 |   194 |       ||   436
       Whip              |       |       |   154 |    21 ||   175
       Lajatang          |       |       |   103 |   149 ||   252
Throw: Throwing net      |       |       |     1 |       ||     1
Invok: Banish            |       |     1 |     7 |     3 ||    11
Evoke: Wand              |       |       |     7 |     1 ||     8
  Use: Potion            |       |     1 |     3 |       ||     4
       Scroll            |       |     3 |    12 |    10 ||    25
Armor: Scale mail        |    32 |    74 |       |       ||   106
       Plate armour      |       |       |   319 |   121 ||   440
Dodge: Dodged            |    43 |    88 |   164 |    79 ||   374
Block: Buckler           |    15 |    37 |    53 |     4 ||   109
       Other             |       |       |    24 |    33 ||    57
       Reflection        |       |       |       |     1 ||     1
